 Dungeon Crawl Stone Soup version 0.25-a0-2-g6559c6c67a (webtiles) character file.

Game seed: 17421427743403934552, levelgen mode: deterministic

491 Raiden350 the Ducker (level 6, 0/47 HPs)
             Began as a Demonspawn Gladiator on Oct 14, 2019.
             Succumbed to a worker ant's poison
             ... on level 4 of the Dungeon.
             The game lasted 00:14:30 (4723 turns).

Raiden350 the Ducker (Demonspawn Gladiator)         Turns: 4723, Time: 00:14:31

Health: 0/47       AC:  3    Str: 15      XL:     6   Next: 91%
Magic:  3/6        EV: 13    Int: 10      God:
Gold:   272        SH:  0    Dex: 13 (15) Spells: 5/5 levels left

rFire    . . .     SeeInvis .   a - +0 rapier
rCold    . . .     Gourm    .   (no shield)
rNeg     . . .     Faith    .   b - +0 leather armour
rPois    .         Spirit   +   (helmet restricted)
rElec    .         Reflect  .   (no cloak)
rCorr    .         Harm     .   (no gloves)
MR       .....                  (no boots)
Stlth    ++........             (no amulet)
HPRegen  0.15/turn              (no ring)
MPRegen  0.10/turn              (no ring)

@: lethally poisoned (0 -> -14)
A: antennae 1, magic shield
a: no special abilities


You were on level 4 of the Dungeon.
You were not hungry.

You visited 1 branch of the dungeon, and saw 4 of its levels.

You collected 272 gold pieces.

Inventory:

Hand Weapons
 a - a +0 rapier (weapon)
 l - a +0 short sword
Missiles
 d - 5 throwing nets (quivered)
 t - 3 boomerangs of dispersal
Armour
 b - a +0 leather armour (worn)
 c - a +0 helmet
 r - a +0 buckler
Scrolls
 e - 2 scrolls of teleportation
 h - a scroll of identify
 j - 2 scrolls of magic mapping {unknown}
 k - 2 scrolls of remove curse {unknown}
 m - 2 scrolls of fear {unknown}
 o - a scroll of immolation {unknown}
 p - a scroll of blinking {unknown}
 u - a scroll of enchant armour {unknown}
Potions
 i - a potion of flight {unknown}
 n - a potion of magic {unknown}
 q - a potion of might
 s - a potion of lignification
 v - a potion of haste {unknown}
Comestibles
 f - 5 rations


   Skills:
 + Level 3.6 Fighting
 + Level 3.8 Short Blades
 - Level 1.7 Throwing
 + Level 2.6 Armour
 + Level 3.9 Dodging
 + Level 2.3 Stealth
 + Level 1.7 Shields


You had 5 spell levels left.
You didn't know any spells.
Your spell library was empty.

Dungeon Overview and Level Annotations

Branches:
Dungeon (4/15)
 Temple: D:4-7

Altars:
Makhleb

Annotations:
D:4 4 runed translucent doors


Innate Abilities, Weirdness & Mutations

You have a pair of small antennae on your head.
When hurt, damage is shared between your health and your magic reserves.


Message History

* * * LOW HITPOINT WARNING * * *
You are more poisoned.
The worker ant poisons you!
You hit the worker ant.
The worker ant is almost dead.
* * * LOW HITPOINT WARNING * * *
You feel sick. The worker ant closely misses you.
You hit the worker ant.
You kill the worker ant!
* * * LOW HITPOINT WARNING * * *
You feel sick.
Okay, then.
* * * LOW HITPOINT WARNING * * *
You feel sick.
You see here a worker ant corpse.
* * * LOW HITPOINT WARNING * * *
You feel sick.
* * * LOW HITPOINT WARNING * * *
You feel sick.
You die...

++#
....#<#
#.#.#
#...#
..#####..#
........>#
#######.##
#†# ##.##
#.@.#
.........#
≈≈.......#
≈≈≈≈.....#
≈≈≈≈≈≈...#
≈≈≈≈≈≈≈..#
.≈≈≈≈≈≈..#
.≈≈≈≈≈≈..#


There were no monsters in sight!

Vanquished Creatures
  A howler monkey (D:4)
  A quasit (D:4)
  A bullfrog skeleton (D:4)
  2 hounds (D:4)
  3 orc wizards
  5 worker ants
  A hound zombie (D:4)
  3 adders
  An ooze (D:3)
  2 worms (D:2)
  3 dart slugs
  2 leopard geckos
  3 orcs
  8 bats
  A giant cockroach (D:1)
  11 hobgoblins
  4 jackals (D:3)
  7 kobolds
  4 quokkas
  5 ball pythons
  5 frilled lizards
  7 goblins
  A leopard gecko skeleton (D:4)
  9 rats
90 creatures vanquished.

Notes
Turn   | Place    | Note
-------+----------+-------------------------------------------
     0 | D:1      | Raiden350 the Demonspawn Gladiator began the quest for the
                  | Orb.
     0 | D:1      | Reached XP level 1. HP: 16/16 MP: 1/1
   156 | D:1      | Gained mutation: You have a pair of small antennae on your
                  | head. [demonic ancestry]
   156 | D:1      | Reached XP level 2. HP: 16/22 MP: 2/2
   447 | D:1      | Reached skill level 1 in Armour
   669 | D:1      | Reached XP level 3. HP: 28/28 MP: 3/3
  1506 | D:2      | Gained mutation: When hurt, damage is shared between your
                  | health and your magic reserves. [demonic ancestry]
  1506 | D:2      | Reached XP level 4. HP: 30/34 MP: 4/4
  1581 | D:2      | Found a burning altar of Makhleb.
  2192 | D:3      | Reached skill level 1 in Stealth
  2490 | D:3      | Reached XP level 5. HP: 5/41 MP: 1/5
  3860 | D:4      | Reached skill level 1 in Shields
  3894 | D:4      | Found a large runed translucent door.
  3894 | D:4      | Found a large runed translucent door.
  3896 | D:4      | Noticed an ogre
  4055 | D:4      | Reached XP level 6. HP: 33/47 MP: 4/6
  4674 | D:4      | Found a large runed translucent door.
  4674 | D:4      | Found a large runed translucent door.
  4722 | D:4      | HP: 2/47 [poisoned by a worker ant]
  4723 | D:4      | Succumbed to a worker ant's poison

Levels and vault maps discovered:
D:1:      dpeg_arrival_lava_temple_mockup, layout_basic
D:2:      layout_rooms, minmay_misc_feat_doors, minmay_misc_feat_ornament,
          bloody_makhleb
D:3:      layout_basic, first_ration
D:4:      layout_basic, nicolae_overflow_crystal_walls, temple_pool_b,
          hangedman_abyss_or_decor_slice, minmay_hollow_rounded_squares

Skill      XL: |  1  2  3  4  5  6 |
---------------+-------------------+-----
Dodging        | 3 |  3.9
Short Blades   | 3 |  3.8
Armour         | 1 2 |  2.6
Stealth        | 1 2 |  2.3
Fighting       | 3 |  3.6
Shields        | 1 |  1.7
Throwing       | |  1.7

Action                   |  1- 3 |  4- 6 || total
-------------------------+-------+-------++-------
Melee: Rapier            |   110 |   268 ||   378
  Use: Potion            |       |     2 ||     2
       Scroll            |       |     3 ||     3
 Stab: Sleeping          |     2 |     2 ||     4
  Eat: Chunk             |     2 |     7 ||     9
       Ration            |       |     1 ||     1
Armor: Leather armour    |    20 |    46 ||    66
Dodge: Dodged            |    90 |   186 ||   276

Table legend:
 A = Non-vault XP
 B = Vault XP
 C = Vault XP percentage of total XP
 D = Non-vault monster count
 E = Vault monster count
 F = Vault count percentage of total count
                 A         B        C        D         E       F
            +---------+---------+-------+---------+---------+-------
      Total |     702 |       0 |   0.0 |      90 |       0 |   0.0
            +---------+---------+-------+---------+---------+-------
        D:1 |      41 |       0 |   0.0 |      23 |       0 |   0.0
        D:2 |      75 |       0 |   0.0 |      28 |       0 |   0.0
        D:3 |     154 |       0 |   0.0 |      24 |       0 |   0.0
        D:4 |     432 |       0 |   0.0 |      15 |       0 |   0.0
            +---------+---------+-------+---------+---------+-------
